 Dungeon Crawl Stone Soup version 0.28-b1-25-g9875b3fc8c (webtiles) character file.

Game seed: 13623477299857122940

78 croobank the Sneak (level 4, -6/31 HPs)
             Began as a Vampire Enchanter on Feb 1, 2022.
             Mangled by an iguana (12 damage)
             ... on level 4 of the Dungeon.
             The game lasted 00:10:58 (2703 turns).

croobank the Sneak (Vampire Enchanter)              Turns: 2703, Time: 00:11:08

Health: -6/31      AC:  3    Str:  7    XL:     4   Next: 15%
Magic:  4/7        EV:  9    Int: 19    God:
Gold:   94         SH:  0    Dex: 14    Spells: 2/7 levels left

rFire   . . .      SeeInvis +   a - +1 dagger
rCold   . . .      Faith    .   (no shield)
rNeg    . . .      Spirit   .   b - +0 robe
rPois   .          Reflect  .   m - +0 helmet
rElec   .          Harm     .   (no cloak)
rCorr   .          Rampage  .   (no gloves)
Will    .....                   (no boots)
Stlth   +++.......              (no amulet)
HPRegen 0.30/turn               (no ring)
MPRegen 0.10/turn               (no ring)

@: healing quickly, constricted
A: alive, fangs 3, see invisible, vampiric 2
a: Exsanguinate


You were on level 4 of the Dungeon.
You visited 1 branch of the dungeon, and saw 4 of its levels.

You collected 94 gold pieces.

Inventory:

Hand Weapons
 a - a +1 dagger (weapon)
Missiles
 d - 60 stones
 g - 2 boomerangs (quivered)
 i - 53 arrows
 q - a throwing net
Armour
 b - a +0 robe (worn)
 m - a +0 helmet (worn)
Magical Staves
 f - a staff of conjuration
 o - a staff of fire
Scrolls
 h - a scroll of fog
 n - a scroll of blinking
 s - a scroll of identify
 v - a scroll of noise {unknown}
Potions
 c - a potion of invisibility
 e - a potion of might {unknown}
 j - a potion of haste {unknown}
 k - 2 potions of curing
 l - a potion of berserk rage {unknown}
 p - a potion of degeneration {unknown}
 r - a potion of ambrosia {unknown}
 t - a potion of brilliance {unknown}
 u - a potion of lignification {unknown}
 w - a potion of attraction {unknown}


   Skills:
 + Level 0.5 Fighting
 + Level 1.9 Short Blades
 + Level 0.3 Throwing
 + Level 2.5 Dodging
 + Level 5.5 Stealth
 + Level 2.3 Spellcasting
 + Level 5.2 Hexes
 + Level 0.2 Ice Magic


You had 2 spell levels left.
You knew the following spells:

 Your Spells              Type           Power      Damage    Failure   Level
a - Ensorcelled Hibernat  Hex/Ice        24%        N/A       8%          2
b - Confusing Touch       Hex            22%        N/A       6%          3

Your spell library contained the following spells:

 Spells                   Type           Power      Damage    Failure   Level
 Tukima's Dance           Hex            22%        N/A       6%          3
 Dazzling Flash           Conj/Hex       24%        N/A       17%         3
 Gell's Gravitas          Tloc           2%         N/A       43%         3
 Lesser Beckoning         Tloc           2%         N/A       43%         3
 Teleport Other           Tloc           2%         N/A       43%         3


Dungeon Overview and Level Annotations

Branches:
Dungeon (4/15)
 Temple: D:4-7

Altars:
Okawaru

Annotations:
D:3 1 runed translucent door, Crazy Yiuf


Innate Abilities, Weirdness & Mutations

Your natural rate of healing is accelerated.
You have razor-sharp teeth.
You have supernaturally acute eyesight. (SInv)
You are afflicted with vampirism and can become a bat while bloodless.


Message History

The iguana hisses angrily.
The orc priest shouts!
The orc priest looks braver for a moment.
There is a stone staircase leading up here.
Casting: Ensorcelled Hibernation (safe; 8% risk of failure)
Confirm with . or Enter, or press ? or * to list all spells.
Your hands begin to glow red.
The ball python hisses angrily.
The orc priest begins to cast a cantrip, but forgets the words!
Hit: a) +1 dagger
Press: ? - help, Dir - move target, f - orc priest
Aim: an orc priest, wielding a +0 dagger (chance to confuse on hit: 54%, about 26% to evade your +1 dagger)
You hit the orc priest but do no damage.
The orc priest appears confused.
You bite the orc priest.
The orc priest is moderately wounded.
The orc wizard gestures wildly while chanting.
The orc wizard flickers and vanishes for a moment.
The orc priest barely misses the orc wizard.
You hit the orc.
The orc is lightly wounded.
The iguana bites you but does no damage.
You hit the orc wizard.
The orc wizard is lightly wounded.
The orc closely misses you. The orc wizard closely misses you.
The iguana barely misses you.
The orc priest hits the orc priest with a +0 dagger.
You hit the orc wizard but do no damage.
The orc wizard is lightly wounded.
The orc hits you with a +0 hand axe.
The orc wizard hits you but does no damage.
The iguana bites you!
The orc priest hits you with a +0 flail.
You closely miss the orc priest. You bite the orc priest.
The orc priest is moderately wounded.
The ball python barely misses you. The ball python grabs you.
The ball python constricts you. The orc hits you with a +0 hand axe.
* * * LOW HITPOINT WARNING * * *
The orc wizard hits you but does no damage.
The iguana bites you!
You die...

#............#.####.# #.
#.#...#....###.####.#
#.##.#.....#.## #......#
#.>..........# ######.#
##.......####### ####.#
..........#.....# #.....
.......o..#.....# #.##.#
S.......o.l(....# #.##.#
........o@#[.l..# #....#
###.....So#.....# #..###
###.#.### ##### #..###
.....# ########.....
#.##########.....†...###
#. #....†.......###### #
#..###..#.##.#
#.##..###.<#.##.#
#............##.#


You could see an iguana, 2 orc priests, an orc wizard (invisible), an orc and a
ball python.

Vanquished Creatures
  3 gnolls (D:3)
  3 bats
  2 endoplasms
  3 giant cockroaches
  7 goblins
  5 hobgoblins
  3 jackals (D:4)
  4 kobolds
  4 quokkas
  4 ball pythons
  A frilled lizard (D:2)
  4 rats
43 creatures vanquished.

Notes
Turn   | Place    | Note
-------+----------+-------------------------------------------
     0 | D:1      | croobank the Vampire Enchanter began the quest for the Orb.
     0 | D:1      | Reached XP level 1. HP: 13/13 MP: 3/3
   552 | D:1      | Reached XP level 2. HP: 11/19 MP: 5/5
   555 | D:1      | Learned a level 2 spell: Ensorcelled Hibernation
   894 | D:2      | Reached skill level 5 in Hexes
  1522 | D:2      | Reached skill level 5 in Stealth
  1522 | D:2      | Gained mutation: You are afflicted with vampirism and can
                  | become a bat while bloodless. [Vampire growth]
  1522 | D:2      | Reached XP level 3. HP: 22/24 MP: 6/6
  1526 | D:2      | Learned a level 3 spell: Confusing Touch
  1599 | D:2      | Noticed a necrophage
  2017 | D:3      | Found a runed translucent door.
  2018 | D:3      | Noticed Crazy Yiuf
  2061 | D:3      | Found an iron altar of Okawaru.
  2181 | D:3      | Reached XP level 4. HP: 16/31 MP: 2/7
  2329 | D:3      | Found a faded altar of an unknown god.
  2703 | D:4      | Mangled by an iguana

Illustrated notes

Levels and vault maps discovered:
D:1:      matt_arrival_los_fun, layout_basic, lemuel_flame_loot_1
D:2:      layout_loops_ring
D:3:      layout_basic, kennysheep_okawaru_gauntlet,
          shapermc_ecumenical_altar_flowoftime, uniq_crazy_yiuf_cottage
D:4:      layout_loops_cross

Skill      XL: |  1  2 |
---------------+-------+-----
Hexes          | 5 |  5.2
Stealth        | 5 |  5.5
Fighting       | |  0.5
Short Blades   | |  1.9
Throwing       | |  0.3
Dodging        | |  2.5
Spellcasting   | |  2.3
Ice Magic      | |  0.2

Action                   |  1- 3 |  4- 6 || total
-------------------------+-------+-------++-------
Melee: Dagger            |   110 |    32 ||   142
       Bite              |    12 |     6 ||    18
       Punch             |     1 |       ||     1
Throw: Boomerang         |    16 |       ||    16
 Cast: Ensorcelled Hiber |     6 |     1 ||     7
       Confusing Touch   |     1 |     1 ||     2
  Use: Scroll            |     4 |     2 ||     6
 Stab: Sleeping          |     9 |     2 ||    11
       Confused          |     1 |       ||     1
Armor: Robe              |    14 |     9 ||    23
Dodge: Dodged            |    59 |    21 ||    80
